SAA
BILOXI SHUCKERS @ PHOENIX HOTSPUR YOUTH
09/16/2038
 
TOP OF THE 1ST
Biloxi Shuckers batting - Pitching for Phoenix Hotspur Youth : RHP José Correa
Pitching: RHP José Correa
Batting: SHB Mo Meaker 0-0: Swinging Strike
0-1: SINGLE (Groundball, 4D, EV 101.9 MPH)
Batting: LHB Warren King 0-0: Called Strike
0-1: Called Strike
0-2: Strikes out swinging
Batting: LHB Seb Blanch 0-0: Ball
1-0: Called Strike
1-1: Ball
2-1: Ball
3-1: Called Strike
3-2: Grounds into double play, 5-4-3 (Groundball, 5, EV 110.6 MPH)
Top of the 1st over - 0 runs, 1 hit, 0 errors, 0 left on base; Biloxi 0 - Phoenix Hotspur 0
BOTTOM OF THE 1ST
Phoenix Hotspur Youth batting - Pitching for Biloxi Shuckers : RHP Cedomil Dudukovic
Pitching: RHP Cedomil Dudukovic
Batting: RHB Eugene McClellan 0-0: Ball
1-0: Foul Ball, location: 2F
1-1: Ball
2-1: Swinging Strike
2-2: Ground out 2-3 (Groundball, 2R, EV 63.8 MPH)
Batting: LHB Carel Oskamp 0-0: Swinging Strike
0-1: Fly out, F7 (Flyball, 7S, EV 78.8 MPH)
Batting: RHB Peer Kattenberg 0-0: Reached on error, E5 (Groundball, 56S, EV 89.4 MPH)
Batting: LHB Alfonso Ramírez 0-0: Ball
1-0: Foul Ball, location: 2F
1-1: Swinging Strike
1-2: Ground out 4-3 (Groundball, 34, EV 103.1 MPH)
Bottom of the 1st over - 0 runs, 0 hits, 1 error, 1 left on base; Biloxi 0 - Phoenix Hotspur 0
TOP OF THE 2ND
Biloxi Shuckers batting - Pitching for Phoenix Hotspur Youth : RHP José Correa
Batting: LHB Dan James 0-0: Ball
1-0: Fly out, F2 (Popup, 13S, EV 86.2 MPH)
Batting: SHB Ezequiel Oacia 0-0: SINGLE (Groundball, 34D, EV 103.1 MPH)
Batting: RHB Jesús Capmany 0-0: Foul Ball, location: 2F
0-1: Called Strike
0-2: Foul Ball, location: 2F
0-2: Ball
1-2: 2-RUN HOME RUN (Flyball, 7D, EV 101.9 MPH), Distance : 358 ft
Batting: RHB Arthur Cook 0-0: Ball
1-0: Swinging Strike
1-1: Ball
2-1: Called Strike
2-2: Foul Ball, location: 2F
2-2: Ball
3-2: Foul Ball, location: 2F
3-2: Foul Ball, location: 2F
3-2: Base on Balls
Batting: RHB Bernardo Rodríguez 0-0: Ball
Arthur Cook is caught stealing 2nd base 2-4
1-0: Fly out, F8 (Flyball, 8RS, EV 86.2 MPH)
Top of the 2nd over - 2 runs, 2 hits, 0 errors, 0 left on base; Biloxi 2 - Phoenix Hotspur 0
BOTTOM OF THE 2ND
Phoenix Hotspur Youth batting - Pitching for Biloxi Shuckers : RHP Cedomil Dudukovic
Batting: LHB Pancho Coloma 0-0: Fly out, F9 (Flyball, 89S, EV 78.1 MPH)
Batting: RHB Nathan Pruitt 0-0: Fly out, F8 (Flyball, 8RS, EV 85.0 MPH)
Batting: RHB Fernando González 0-0: Called Strike
0-1: Ball
1-1: SINGLE (Groundball, 34S, EV 63.8 MPH) (infield hit)
Batting: LHB Keith York 0-0: Ball
1-0: Foul Ball, location: 2F
1-1: SINGLE (Groundball, 6MD, EV 98.1 MPH)
Fernando González to second
Runner from 2nd tries for 3rd, SAFE, throw by CF made to third
Batting: RHB Tim Gray 0-0: SINGLE (Line Drive, 8RS, EV 93.8 MPH)
Fernando González scores
Keith York to second
Batting: RHB Eugene McClellan 0-0: Ball
1-0: Ball
2-0: Ball
3-0: Base on Balls
Keith York to third
Tim Gray to second
Batting: LHB Carel Oskamp 0-0: Ball
1-0: Ball
2-0: Called Strike
2-1: Ball
3-1: Swinging Strike
3-2: Strikes out looking
Bottom of the 2nd over - 1 run, 3 hits, 0 errors, 3 left on base; Biloxi 2 - Phoenix Hotspur 1
TOP OF THE 3RD
Biloxi Shuckers batting - Pitching for Phoenix Hotspur Youth : RHP José Correa
Batting: RHB Dong-hyun Yu 0-0: Called Strike
0-1: Ball
1-1: Ball
2-1: Foul Ball, location: 2F
2-2: Ball
3-2: Base on Balls
Batting: SHB Mo Meaker 0-0: Called Strike
0-1: Called Strike
0-2: Strikes out swinging
Batting: LHB Warren King 0-0: Ball
1-0: Called Strike
1-1: Ball
2-1: Ball
3-1: 2-RUN HOME RUN (Line Drive, 78XD, EV 104.4 MPH), Distance : 400 ft
Batting: LHB Seb Blanch 0-0: Ball
1-0: Ball
2-0: Ball
3-0: Base on Balls
Batting: LHB Dan James 0-0: Swinging Strike
0-1: Ball
1-1: Foul Ball, location: 2F
1-2: Ball
2-2: Strikes out swinging
Batting: SHB Ezequiel Oacia 0-0: 2-RUN HOME RUN (Flyball, 9D, EV 101.9 MPH), Distance : 366 ft
Batting: RHB Jesús Capmany 0-0: Ball
1-0: Ball
2-0: Called Strike
2-1: Ball
3-1: Foul Ball, location: 2F
3-2: Base on Balls
Pitching: RHP Elvis King
Batting: RHB Arthur Cook 0-0: Ball
1-0: Ball
2-0: Foul Ball, location: 2F
2-1: Called Strike
2-2: Foul Ball, location: 2F
2-2: Fielders Choice at 2nd, U6 (Groundball, 6M, EV 102.5 MPH)
Top of the 3rd over - 4 runs, 2 hits, 0 errors, 1 left on base; Biloxi 6 - Phoenix Hotspur 1
BOTTOM OF THE 3RD
Phoenix Hotspur Youth batting - Pitching for Biloxi Shuckers : RHP Cedomil Dudukovic
Batting: RHB Peer Kattenberg 0-0: Called Strike
0-1: Ball
1-1: Swinging Strike
1-2: Ball
2-2: Ground out 6-3 (Groundball, 6MD, EV 100.0 MPH)
Batting: LHB Alfonso Ramírez 0-0: Foul Ball, location: 2F
0-1: Swinging Strike
0-2: Ball
1-2: Fly out, F8 (Flyball, 8LXD, EV 89.4 MPH)
Batting: LHB Pancho Coloma 0-0: Ball
1-0: Ball
2-0: Foul Ball, location: 2F
2-1: SINGLE (Line Drive, 8LS, EV 99.4 MPH)
Batting: RHB Nathan Pruitt 0-0: Ball
1-0: Called Strike
1-1: SINGLE (Groundball, 4MD, EV 105.0 MPH)
Pancho Coloma to second
Batting: RHB Fernando González 0-0: Ball
1-0: Ball
2-0: Called Strike
2-1: Ball
3-1: Called Strike
3-2: Fly out, F3 (Line Drive, 3, EV 71.2 MPH)
Bottom of the 3rd over - 0 runs, 2 hits, 0 errors, 2 left on base; Biloxi 6 - Phoenix Hotspur 1
TOP OF THE 4TH
Biloxi Shuckers batting - Pitching for Phoenix Hotspur Youth : RHP Elvis King
Batting: RHB Bernardo Rodríguez 0-0: Swinging Strike
0-1: Called Strike
0-2: Ground out 5-3 (Groundball, 56, EV 105.6 MPH)
Batting: RHB Dong-hyun Yu 0-0: Foul Ball, location: 2F
0-1: Ball
1-1: Ball
2-1: Swinging Strike
2-2: Foul Ball, location: 2F
2-2: Foul Ball, location: 2F
2-2: Strikes out looking
Batting: SHB Mo Meaker 0-0: Fly out, F5 (Popup, 56, EV 76.2 MPH)
Top of the 4th over - 0 runs, 0 hits, 0 errors, 0 left on base; Biloxi 6 - Phoenix Hotspur 1
BOTTOM OF THE 4TH
Phoenix Hotspur Youth batting - Pitching for Biloxi Shuckers : RHP Cedomil Dudukovic
Batting: LHB Keith York 0-0: Ball
1-0: Called Strike
1-1: Fly out, F8 (Flyball, 8RD, EV 80.0 MPH)
Batting: RHB Tim Gray 0-0: Called Strike
0-1: Ball
1-1: Ball
2-1: Ground out 6-3 (Groundball, 6M, EV 84.4 MPH)
Batting: RHB Eugene McClellan 0-0: Swinging Strike
0-1: Ball
1-1: Ball
2-1: Foul Ball, location: 2F
2-2: Ball
3-2: SINGLE (Flyball, 89S, EV 88.8 MPH)
Batting: LHB Carel Oskamp 0-0: Ball
1-0: Ball
2-0: Swinging Strike
2-1: Fielders Choice at 2nd, 6-4 (Groundball, 6, EV 101.2 MPH)
Bottom of the 4th over - 0 runs, 1 hit, 0 errors, 1 left on base; Biloxi 6 - Phoenix Hotspur 1
TOP OF THE 5TH
Biloxi Shuckers batting - Pitching for Phoenix Hotspur Youth : RHP Elvis King
Batting: LHB Warren King 0-0: Ball
1-0: Foul Ball, location: 2F
1-1: Foul Ball, location: 2F
1-2: Ball
2-2: TRIPLE (Flyball, 89XD, EV 109.4 MPH)
Batting: LHB Seb Blanch 0-0: Called Strike
0-1: Called Strike
0-2: Ball
1-2: 2-RUN HOME RUN (Flyball, 9D, EV 102.5 MPH), Distance : 370 ft
Batting: LHB Dan James 0-0: Called Strike
0-1: Foul Ball, location: 2F
0-2: Ball
1-2: Ground out 4-3 (Groundball, 4, EV 105.0 MPH)
Batting: SHB Ezequiel Oacia 0-0: Foul Ball, location: 2F
0-1: Foul Ball, location: 2F
0-2: Foul Ball, location: 2F
0-2: Foul Ball, location: 2F
0-2: Foul Ball, location: 2F
0-2: Strikes out swinging
Batting: RHB Jesús Capmany 0-0: Swinging Strike
0-1: Ball
1-1: Called Strike
1-2: Ball
2-2: DOUBLE (Flyball, 89XD, EV 107.5 MPH)
Batting: RHB Arthur Cook 0-0: Ball
1-0: Ball
2-0: SINGLE (Groundball, 6MD, EV 99.4 MPH)
Jesús Capmany to third
Runner from 3rd tries for Home, SAFE, no throw by CF
Batting: RHB Bernardo Rodríguez 0-0: Ball
1-0: Ball
2-0: Ball
3-0: Called Strike
3-1: Called Strike
3-2: SINGLE (Groundball, 34D, EV 102.5 MPH)
Arthur Cook to second
Arthur Cook to third
Batting: RHB Dong-hyun Yu 0-0: Ball
1-0: Ball
2-0: Fielders Choice at 2nd, 5-4 (Groundball, 56, EV 81.2 MPH)
Top of the 5th over - 3 runs, 5 hits, 0 errors, 2 left on base; Biloxi 9 - Phoenix Hotspur 1
BOTTOM OF THE 5TH
Phoenix Hotspur Youth batting - Pitching for Biloxi Shuckers : RHP Cedomil Dudukovic
Batting: RHB Peer Kattenberg 0-0: Ball
1-0: Fly out, F9 (Flyball, 89D, EV 103.8 MPH)
Batting: LHB Alfonso Ramírez 0-0: Ball
1-0: Foul Ball, location: 2F
1-1: Swinging Strike
1-2: Foul Ball, location: 2F
1-2: Ball
2-2: Foul Ball, location: 2F
2-2: Foul Ball, location: 2F
2-2: SINGLE (Groundball, 6D, EV 102.5 MPH)
Batting: LHB Pancho Coloma 0-0: Fly out, F5 (Popup, 25F, EV 90.6 MPH)
Batting: RHB Nathan Pruitt 0-0: Called Strike
0-1: Ground out 5-3 (Groundball, 56S, EV 69.4 MPH)
Bottom of the 5th over - 0 runs, 1 hit, 0 errors, 1 left on base; Biloxi 9 - Phoenix Hotspur 1
TOP OF THE 6TH
Biloxi Shuckers batting - Pitching for Phoenix Hotspur Youth : RHP Elvis King
Batting: SHB Mo Meaker 0-0: Fly out, F5 (Popup, 56, EV 79.4 MPH)
Batting: LHB Warren King 0-0: Foul Ball, location: 2F
0-1: Called Strike
0-2: Ball
1-2: Ball
2-2: Ball
3-2: Foul Ball, location: 2F
3-2: Ground out 6-3 (Groundball, 6, EV 85.0 MPH)
Batting: LHB Seb Blanch 0-0: Ball
1-0: Called Strike
1-1: Ball
2-1: Called Strike
2-2: Strikes out swinging
Top of the 6th over - 0 runs, 0 hits, 0 errors, 0 left on base; Biloxi 9 - Phoenix Hotspur 1
BOTTOM OF THE 6TH
Phoenix Hotspur Youth batting - Pitching for Biloxi Shuckers : RHP Cedomil Dudukovic
Pitching: RHP César Torres
Batting: RHB Fernando González 0-0: Ball
1-0: Ball
2-0: Ball
3-0: Called Strike
3-1: Foul Ball, location: 2F
3-2: Foul Ball, location: 2F
3-2: Base on Balls
Batting: LHB Keith York 0-0: Ball
1-0: Called Strike
1-1: SINGLE (Groundball, 56S, EV 60.6 MPH) (infield hit)
Fernando González to second
Batting: RHB Tim Gray 0-0: Called Strike
0-1: Ball
1-1: Swinging Strike
1-2: Ball
2-2: Ball
3-2: Base on Balls
Fernando González to third
Keith York to second
Batting: RHB Eugene McClellan 0-0: Ball
1-0: Ball
2-0: Ball
3-0: Called Strike
3-1: Base on Balls
Fernando González scores
Keith York to third
Tim Gray to second
Batting: LHB Carel Oskamp 0-0: Ball
1-0: Ball
2-0: Ball
3-0: Called Strike
3-1: Base on Balls
Keith York scores
Tim Gray to third
Eugene McClellan to second
Batting: RHB Peer Kattenberg 0-0: Ball
1-0: Foul Ball, location: 2F
1-1: SINGLE (Line Drive, 89S, EV 91.2 MPH)
Tim Gray scores
Eugene McClellan to third
Carel Oskamp to second
Pitching: LHP Paolo Speranza
Batting: LHB Alfonso Ramírez 0-0: Ball
1-0: Ball
2-0: Fielders Choice at 2nd, 6-4 (Groundball, 6, EV 80.0 MPH)
Eugene McClellan scores
Carel Oskamp to third
Batting: LHB Pancho Coloma 0-0: Ball
1-0: Ball
2-0: Ball
3-0: Called Strike
3-1: Called Strike
3-2: Foul Ball, location: 2F
3-2: Foul Ball, location: 2F
3-2: SINGLE (Line Drive, 34D, EV 106.2 MPH)
Carel Oskamp scores
Alfonso Ramírez to second
Batting: RHB Nathan Pruitt 0-0: Called Strike
0-1: Called Strike
0-2: Strikes out swinging
Batting: RHB Fernando González 0-0: Ball
1-0: Called Strike
1-1: Ball
2-1: Ball
3-1: Base on Balls
Alfonso Ramírez to third
Pancho Coloma to second
Batting: LHB Keith York 0-0: Foul Ball, location: 2F
0-1: Ball
1-1: Foul Ball, location: 2F
1-2: Ball
2-2: Ball
3-2: SINGLE (Groundball, 4MS, EV 76.2 MPH) (infield hit)
Alfonso Ramírez scores
Pancho Coloma to third
Fernando González to second
Batting: RHB Tim Gray 0-0: Ball
1-0: Swinging Strike
1-1: Ball
2-1: Called Strike
2-2: Strikes out swinging
Bottom of the 6th over - 6 runs, 4 hits, 0 errors, 3 left on base; Biloxi 9 - Phoenix Hotspur 7
TOP OF THE 7TH
Biloxi Shuckers batting - Pitching for Phoenix Hotspur Youth : RHP Elvis King
Pitching: RHP Benjie Cacdac
Batting: LHB Dan James 0-0: Ball
1-0: Ball
2-0: Swinging Strike
2-1: Ball
3-1: Called Strike
3-2: Strikes out looking
Batting: SHB Ezequiel Oacia 0-0: Ground out 6-3 (Groundball, 6, EV 85.0 MPH)
Batting: RHB Jesús Capmany 0-0: Foul Ball, location: 2F
0-1: Ball
1-1: Fly out, F9 (Flyball, 89D, EV 89.4 MPH)
Top of the 7th over - 0 runs, 0 hits, 0 errors, 0 left on base; Biloxi 9 - Phoenix Hotspur 7
BOTTOM OF THE 7TH
Phoenix Hotspur Youth batting - Pitching for Biloxi Shuckers : LHP Paolo Speranza
Batting: RHB Eugene McClellan 0-0: Called Strike
0-1: SINGLE (Flyball, 7S, EV 94.4 MPH)
Batting: LHB Carel Oskamp 0-0: Called Strike
0-1: Ball
1-1: Sac Bunt to 23 - play at first, batter OUT! 3-4
Eugene McClellan to second
Batting: RHB Peer Kattenberg 0-0: Called Strike
0-1: Ball
1-1: Ball
2-1: Called Strike
2-2: Ball
3-2: Base on Balls
Pinch Hitting: RHB Frank Ray 0-0: Called Strike
0-1: Ball
1-1: Foul Ball, location: 2F
1-2: Ball
2-2: Foul Ball, location: 2F
2-2: Grounds into double play, 6-4-3 (Groundball, 6, EV 83.1 MPH)
Bottom of the 7th over - 0 runs, 1 hit, 0 errors, 1 left on base; Biloxi 9 - Phoenix Hotspur 7
TOP OF THE 8TH
Biloxi Shuckers batting - Pitching for Phoenix Hotspur Youth : RHP Benjie Cacdac
Now in RF: Frank Ray
Batting: RHB Arthur Cook 0-0: Foul Ball, location: 2F
0-1: Foul Ball, location: 2F
0-2: SINGLE (Groundball, 56D, EV 100.0 MPH)
Batting: RHB Bernardo Rodríguez 0-0: Ball
Wild Pitch!
Arthur Cook to second
1-0: Fly out, F7 (Flyball, 7LS, EV 84.4 MPH)
Batting: RHB Dong-hyun Yu 0-0: Swinging Strike
0-1: Swinging Strike
0-2: Strikes out swinging
Batting: SHB Mo Meaker 0-0: Foul Ball, location: 2F
0-1: Ball
1-1: Ball
2-1: Ground out 4-3 (Groundball, 4, EV 85.0 MPH)
Top of the 8th over - 0 runs, 1 hit, 0 errors, 1 left on base; Biloxi 9 - Phoenix Hotspur 7
BOTTOM OF THE 8TH
Phoenix Hotspur Youth batting - Pitching for Biloxi Shuckers : LHP Paolo Speranza
Batting: LHB Pancho Coloma 0-0: Ground out 4-3 (Groundball, 4, EV 86.9 MPH)
Batting: RHB Nathan Pruitt 0-0: Ball
1-0: Ball
2-0: Ball
3-0: Base on Balls
Pitching: RHP Samuel Tuffley
Batting: RHB Fernando González 0-0: Ball
1-0: Ball
2-0: Ball
3-0: Called Strike
3-1: Base on Balls
Nathan Pruitt to second
Batting: LHB Keith York 0-0: Called Strike
0-1: DOUBLE (Line Drive, 7LM, EV 110.0 MPH)
Nathan Pruitt scores
Fernando González to third
Runner from 3rd tries for Home, SAFE, no throw by LF
Batting: RHB Tim Gray 0-0: Called Strike
0-1: Swinging Strike
0-2: SINGLE (Line Drive, 8LS, EV 108.1 MPH)
Keith York to third
Batting: RHB Eugene McClellan Pickoff Throw to First - Out! 1-3
0-0: Foul Ball, location: 2F
0-1: Ball
1-1: Foul Ball, location: 2F
1-2: Fly out, F8 (Line Drive, 8LM, EV 109.4 MPH)
Bottom of the 8th over - 2 runs, 2 hits, 0 errors, 1 left on base; Biloxi 9 - Phoenix Hotspur 9
TOP OF THE 9TH
Biloxi Shuckers batting - Pitching for Phoenix Hotspur Youth : RHP Benjie Cacdac
Batting: LHB Warren King 0-0: Foul Ball, location: 2F
0-1: Ball
1-1: Foul Ball, location: 2F
1-2: Ball
2-2: Fly out, F8 (Flyball, 78M, EV 86.2 MPH)
Batting: LHB Seb Blanch 0-0: Foul Ball, location: 2F
0-1: Ball
1-1: Foul Ball, location: 2F
1-2: Ground out 4-3 (Groundball, 4, EV 106.9 MPH)
Batting: LHB Dan James 0-0: Ball
1-0: Foul Ball, location: 2F
1-1: Swinging Strike
1-2: Ball
2-2: SINGLE (Line Drive, 8RS, EV 89.4 MPH)
Batting: SHB Ezequiel Oacia 0-0: Ball
1-0: Foul Ball, location: 2F
1-1: Swinging Strike
1-2: Ball
2-2: Ball
3-2: Foul Ball, location: 2F
3-2: Strikes out swinging
Top of the 9th over - 0 runs, 1 hit, 0 errors, 1 left on base; Biloxi 9 - Phoenix Hotspur 9
BOTTOM OF THE 9TH
Phoenix Hotspur Youth batting - Pitching for Biloxi Shuckers : RHP Samuel Tuffley
Batting: LHB Carel Oskamp 0-0: Ball
1-0: Foul Ball, location: 2F
1-1: Ball
2-1: Ball
3-1: Swinging Strike
3-2: Foul Ball, location: 2F
3-2: Base on Balls
Pitching: RHP Perry MacAldonich
Batting: RHB Peer Kattenberg 0-0: Ball
1-0: Called Strike
Carel Oskamp is caught stealing 2nd base 2-4
1-1: Called Strike
1-2: Fly out, F8 (Flyball, 8LD, EV 82.5 MPH)
Batting: RHB Frank Ray 0-0: Ball
1-0: Foul Ball, location: 2F
1-1: Ball
2-1: Foul Ball, location: 2F
2-2: Foul Ball, location: 2F
2-2: Foul Ball, location: 2F
2-2: DOUBLE (Flyball, 8LXD, EV 94.4 MPH)
Batting: LHB Pancho Coloma 0-0: Intentional Walk
Batting: RHB Nathan Pruitt 0-0: Called Strike
0-1: Ball
1-1: Foul Ball, location: 2F
1-2: Fly out, F8 (Flyball, 78XD, EV 103.1 MPH)
Bottom of the 9th over - 0 runs, 1 hit, 0 errors, 2 left on base; Biloxi 9 - Phoenix Hotspur 9
TOP OF THE 10TH
Biloxi Shuckers batting - Pitching for Phoenix Hotspur Youth : RHP Benjie Cacdac
Pitching: RHP Brenton Gunter
Batting: RHB Jesús Capmany 0-0: Ball
1-0: Called Strike
1-1: Fly out, F7 (Flyball, 7S, EV 87.5 MPH)
Batting: RHB Arthur Cook 0-0: Called Strike
0-1: Ground out 5-3 (Groundball, 56, EV 100.0 MPH)
Batting: RHB Bernardo Rodríguez 0-0: Ground out U3 (Groundball, 34S, EV 69.4 MPH)
Top of the 10th over - 0 runs, 0 hits, 0 errors, 0 left on base; Biloxi 9 - Phoenix Hotspur 9
BOTTOM OF THE 10TH
Phoenix Hotspur Youth batting - Pitching for Biloxi Shuckers : RHP Perry MacAldonich
Pitching: LHP Joe Gram
Batting: RHB Fernando González 0-0: Ball
1-0: Fly out, F8 (Flyball, 8LXD, EV 111.9 MPH)
Batting: LHB Keith York 0-0: Foul Ball, location: 2F
0-1: Ground out U3 (Groundball, 3, EV 87.5 MPH)
Pinch Hitting: RHB Wilbert Hall 0-0: Ground out 4-3 (Groundball, 4, EV 83.8 MPH)
Bottom of the 10th over - 0 runs, 0 hits, 0 errors, 0 left on base; Biloxi 9 - Phoenix Hotspur 9
TOP OF THE 11TH
Biloxi Shuckers batting - Pitching for Phoenix Hotspur Youth : RHP Brenton Gunter
Now at C: Miguel Villarreal
Batting: RHB Dong-hyun Yu 0-0: Called Strike
0-1: Ball
1-1: Ball
2-1: Ball
3-1: Base on Balls
Batting: SHB Mo Meaker 0-0: Ball
1-0: SINGLE (Groundball, 4D, EV 103.8 MPH)
Dong-hyun Yu to second
Runner from 2nd tries for 3rd, SAFE, no throw by CF
Batting: LHB Warren King 0-0: Swinging Strike
0-1: Foul Ball, location: 2F
0-2: Strikes out swinging
Mo Meaker steals 2nd base (no throw)
Batter strikes out.
Batting: LHB Seb Blanch 0-0: Called Strike
0-1: Ball
1-1: SINGLE (Line Drive, 9S, EV 106.9 MPH)
Dong-hyun Yu scores
Mo Meaker to third
Runner from 3rd tries for Home, SAFE, throw by RF to home
Seb Blanch to second
Batting: LHB Dan James 0-0: Intentional Walk
Batting: SHB Ezequiel Oacia 0-0: Ball
1-0: Fly out, F6 (Popup, 6, EV 58.8 MPH)
Batting: RHB Jesús Capmany 0-0: Ball
1-0: Foul Ball, location: 2F
1-1: Ball
2-1: Fly out, F9 (Flyball, 89S, EV 93.1 MPH)
Top of the 11th over - 2 runs, 2 hits, 0 errors, 2 left on base; Biloxi 11 - Phoenix Hotspur 9
BOTTOM OF THE 11TH
Phoenix Hotspur Youth batting - Pitching for Biloxi Shuckers : LHP Joe Gram
Batting: RHB Eugene McClellan 0-0: Foul Ball, location: 2F
0-1: Ball
1-1: Foul Ball, location: 2F
1-2: Ball
2-2: Ball
3-2: Foul Ball, location: 2F
3-2: Base on Balls
Pinch Hitting: RHB Ronnie Wise 0-0: Called Strike
0-1: Called Strike
0-2: Foul Ball, location: 2F
0-2: Foul Ball, location: 2F
0-2: Ball
1-2: SINGLE (Line Drive, 7S, EV 109.4 MPH)
Eugene McClellan to second
Batting: RHB Peer Kattenberg 0-0: Ball
1-0: Called Strike
1-1: Ball
2-1: Ball
3-1: Fielders Choice at 2nd, 6-4 (Groundball, 6, EV 85.0 MPH)
Eugene McClellan to third
Batting: RHB Frank Ray 0-0: Called Strike
0-1: Ball
1-1: Foul Ball, location: 2F
1-2: Strikes out looking
Batting: LHB Pancho Coloma 0-0: Fielders Choice at 2nd, U6 (Groundball, 6M, EV 82.5 MPH)
Bottom of the 11th over - 0 runs, 1 hit, 0 errors, 2 left on base; Biloxi 11 - Phoenix Hotspur 9
Friday, April 17th, 2020 - OOTP Baseball 20.8 Build 74